 Dungeon Crawl Stone Soup version 0.29.1-13-g9f3cf754e1 (webtiles) character file.

Game seed: 16642806207385949631

7856 DoIIoM the Summoner (level 11, -3/120 HPs)
             Began as an Octopode Summoner on Feb 4, 2023.
             Was a Believer of Vehumet.
             Killed from afar by a hellion (13 damage)
             ... with damnation
             ... on level 1 of the Abyss on Feb 5, 2023.
             The game lasted 00:39:30 (14175 turns).

DoIIoM the Summoner (Octopode Summoner)            Turns: 14175, Time: 00:39:32

Health: -3/120     AC:  1    Str:  8    XL:     11   Next: 21%
Magic:  21/23      EV: 12    Int: 22    God:    Vehumet [**....]
Gold:   998        SH:  5    Dex: 12    Spells: 14/27 levels left

rFire   . . .      SeeInvis .   A - +4 spear
rCold   . . .      Faith    .   t - +0 buckler
rNeg    + . .      Spirit   .   (helmet restricted)
rPois   .          Reflect  .   (no amulet)
rElec   .          Harm     .   v - ring of positive energy
rCorr   .          Rampage  .   (no ring)
Will    .....                   (no ring)
Stlth   ..........              (no ring)
HPRegen 0.30/turn               (no ring)
MPRegen 0.18/turn               (no ring)
                                (no ring)
                                (no ring)

@: berserking, very quick
A: almost no armour, amphibious, 8 rings, camouflage 1, gelatinous body 1,
(nimble swimmer 1), tentacles
a: Renounce Religion


You were on level 1 of the Abyss.
You worshipped Vehumet.
Vehumet was pleased with you.
You visited 2 branches of the dungeon, and saw 11 of its levels.
You visited the Abyss 1 time.
You also visited: Bailey.

You collected 1023 gold pieces.
You spent 25 gold pieces at shops.

Inventory:

Hand Weapons
 b - a +0 dagger
 d - a +1 dagger of flaming
 x - a +2 spear of venom
 A - a +4 spear (weapon)
 C - a +4 glaive of flaming
Armour
 t - a +0 buckler (worn)
Jewellery
 v - a ring of positive energy (left tentacle)
 D - an amulet of regeneration
 E - a ring of fire
 G - an amulet of the acrobat
 I - a ring of flight
Wands
 f - a wand of light (7)
 w - a wand of paralysis (17)
 J - a wand of polymorph (8)
 L - a wand of digging (3)
Scrolls
 c - 2 scrolls of fear
 e - 9 scrolls of teleportation {unknown}
 g - 2 scrolls of enchant weapon {unknown}
 h - 3 scrolls of noise {unknown}
 j - 3 scrolls of immolation {unknown}
 m - a scroll of torment {unknown}
 o - 3 scrolls of blinking {unknown}
 p - 2 scrolls of amnesia {unknown}
 q - a scroll of silence {unknown}
 r - a scroll of butterflies {unknown}
 s - 2 scrolls of brand weapon {unknown}
 u - a scroll of enchant armour {unknown}
 y - 2 scrolls of poison {unknown}
 B - a scroll of identify
 K - a scroll of summoning {unknown}
Potions
 a - a potion of magic
 i - a potion of cancellation
 k - 2 potions of berserk rage
 l - 2 potions of brilliance
 n - 3 potions of might
 z - 3 potions of flight
 M - 2 potions of degeneration {unknown}
Miscellaneous
 H - a phantom mirror


   Skills:
 + Level 9.0 Fighting
 - Level 2.0 Dodging
 - Level 3.0 Stealth
 - Level 4.2 Shields
 + Level 8.5 Spellcasting
 + Level 9.9 Summonings
 + Level 5.1 Air Magic


You had 14 spell levels left.
You knew the following spells:

 Your Spells              Type           Power      Damage    Failure   Level
a - Summon Small Mammal   Summ           100%       N/A       1%          1
b - Call Canine Familiar  Summ           52%        N/A       1%          3
c - Call Imp              Summ           52%        N/A       1%          2
d - Summon Guardian Gole  Hex/Summ       31%        N/A       3%          3
e - Summon Lightning Spi  Summ/Air       42%        N/A       4%          4

Your spell library contained the following spells:

 Spells                   Type           Power      Damage    Failure   Level
 Magic Dart               Conj           36%        1d4       9%          1
 Shock                    Conj/Air       80%        1d8       3%          1
 Swiftness                Air            32%        N/A       3%          3
 Slow                     Hex            36%        N/A       9%          1
 Airstrike                Air            16%        2d(3-19)  11%         4
 Ensorcelled Hibernation  Hex/Ice        18%        N/A       14%         2
 Passwall                 Tmut/Erth      7%         N/A       14%         2
 Confusing Touch          Hex            9%         N/A       26%         3
 Dazzling Flash           Conj/Hex       18%        N/A       26%         3
 Gell's Gravitas          Tloc           9%         N/A       26%         3
 Lesser Beckoning         Tloc           9%         N/A       26%         3
 Teleport Other           Tloc           9%         N/A       26%         3
 Vampiric Draining        Necr           9%         2d6       26%         3
 Iskenderun's Mystic Bla  Conj/Tloc      9%         2d4       65%         4
 Starburst                Conj/Fire      4%         6d4       100%        6


Dungeon Overview and Level Annotations

Branches:
Dungeon (10/15)            Temple (1/1) D:7            Lair (0/5) D:10
 Bailey (visited)
    Orc: D:9-12

Altars:
Dithmenos
Hepliaklqana
Makhleb
Nemelex Xobeh
Okawaru
Qazlal
Sif Muna
Trog
Uskayaw
Vehumet

Shops:
D:1 (   D:4 (   D:7 ?   D:8 *

Annotations:
D:10 Erica, Erolcha


Innate Abilities, Weirdness & Mutations

You cannot wear most types of armour.
You are amphibious.
You can wear up to eight rings at the same time.
Your skin changes colour to match your surroundings (Stealth+).
Your rubbery body absorbs attacks. (AC +1, EV +1)
((You are camouflaged when in or above water. (Stealth+)))
You have tentacles for arms and can constrict up to eight enemies at once.


Message History

An electric hum fills the air.
Your wolf bites something.
Unknown command.
You hear some strange, mumbled words.
You are cast into the Abyss!
This branch contains the abyssal rune of Zot.
Reactivating autopickup.
Unknown command.
Found a gateway leading deeper into the Abyss.
A wraith comes into view.
A hellion comes into view.
A large abomination comes into view.
The hellion gives a hideous shriek!
You hear a bark!
The hellion gestures at you.
The sphere of damnation explodes!
The damnation engulfs you!!
You hear a shout! x2
Found a gateway leading out of the Abyss.
The hellion gestures at you.
The sphere of damnation explodes!
The damnation engulfs you!!
* * * LOW HITPOINT WARNING * * *
Unknown command.
Okay, then.
Unknown command.
Press: ? - help, v - describe, . - travel
Here: a hellion The floor.
You feel much better.
A red film seems to cover your vision as you go berserk!
You feel yourself moving faster!
You feel mighty! The hellion gestures at you.
The sphere of damnation explodes!
The damnation engulfs you!!
* * * LOW HITPOINT WARNING * * *
The raiju bursts into living lightning!
The living lightning hits you!!
* * * LOW HITPOINT WARNING * * *
The raiju blinks!
Unknown command.
You feel a strong urge to attack something.
The hellion gestures at you.
The sphere of damnation explodes!
The damnation engulfs you!
You die...

§§ . ###.# .#
#####.#.#######.##
..................
..............h...
.............⌠....
................∩.
......X2..@.......
######.#######.##
#.## ## ##.h...##
#.......#
#.......#
..#..#..## #....
#.#.# ..#.#. .#...


You could see a large abomination, a hellion and a raiju.

Vanquished Creatures
  A two-headed ogre (D:10)
  A yak (D:10)
  3 water moccasins (D:10)
  2 orc warriors (Bailey)
  A sky beast (D:7)
  An ice beast (D:6)
  3 centaurs
  2 kobold brigands (D:8)
  3 bullfrogs
  A scorpion (D:5)
  4 wights
  2 killer bees (D:9)
  An electric eel (D:7)
  3 hounds
  4 orc priests
  A gnoll bouda (D:5)
  2 iguanas
  3 orc wizards
  3 gnolls
  8 adders
  A shadow imp (D:6)
  2 white imps
  An ufetubus (D:6)
  A worm (D:3)
  2 dart slugs
  28 orcs
  6 endoplasms
  2 giant cockroaches
  5 goblins
  5 hobgoblins
  4 jackals (D:5)
  4 quokkas
  6 ball pythons
  6 bats
  5 frilled lizards
  17 kobolds
  5 rats
149 creatures vanquished.

Vanquished Creatures (collateral kills)
  A two-headed ogre (D:10)
  An orc knight (Bailey)
  Prince Ribbit (D:6)
  A wyvern (D:10)
  2 yaks (D:10)
  A steam dragon (D:9)
  4 orc warriors
  A centaur (D:6)
  2 ogres (D:4)
  A kobold brigand (D:9)
  A bullfrog (D:4)
  6 wights
  2 killer bees (D:8)
  A jelly (D:6)
  An orc priest (D:7)
  4 orc wizards
  An adder (D:3)
  4 gnolls (D:5)
  10 orcs
  3 goblins
  16 kobolds
64 creatures vanquished.

Vanquished Creatures (others)
  Maggie (D:8)
  9 yaks (D:10)
  An orc warrior (D:9)
  A wight (D:7)
  A white imp (D:8)
  A bush (D:10)
  4 fungi (D:10)
  16 plants
34 creatures vanquished.

Grand Total: 247 creatures vanquished

Notes
Turn   | Place    | Note
-------+----------+-------------------------------------------
     0 | D:1      | DoIIoM the Octopode Summoner began the quest for the Orb.
     0 | D:1      | Reached XP level 1. HP: 11/11 MP: 3/3
   212 | D:1      | Found a faded altar of an unknown god.
   497 | D:1      | Reached XP level 2. HP: 18/18 MP: 5/5
   506 | D:1      | Found Egou's Weapon Emporium.
  1034 | D:1      | Reached skill level 1 in Fighting
  1171 | D:2      | Reached XP level 3. HP: 18/23 MP: 6/6
  1921 | D:3      | Learned a level 3 spell: Call Canine Familiar
  2011 | D:3      | Identified the +6 scale mail of the Growing Gods {rF- rN++
                  | rCorr Str+4}
  2115 | D:3      | Reached XP level 4. HP: 22/29 MP: 6/8
  2118 | D:3      | Learned a level 2 spell: Call Imp
  2319 | D:3      | Found a bloodstained altar of Trog.
  2877 | D:3      | Reached XP level 5. HP: 34/34 MP: 7/9
  2995 | D:3      | Found a shadowy altar of Dithmenos.
  3403 | D:4      | Noticed an ogre
  3422 | D:4      | Killed an ogre
  3423 | D:4      | Reached skill level 5 in Summonings
  3423 | D:4      | Reached XP level 6. HP: 42/42 MP: 5/11
  3528 | D:4      | Found Limin's Antique Weapon Boutique.
  3821 | D:5      | Entered Level 5 of the Dungeon
  4371 | D:5      | Reached XP level 7. HP: 33/47 MP: 8/13
  4808 | D:5      | Found an iron altar of Okawaru.
  5068 | D:5      | HP: 1/48 [poisoned by a gnoll]
  5485 | D:6      | Noticed Prince Ribbit
  6173 | D:6      | Killed Prince Ribbit
  6174 | D:6      | Reached skill level 1 in Shields
  6174 | D:6      | Reached skill level 5 in Spellcasting
  6174 | D:6      | Reached XP level 8. HP: 17/54 MP: 9/15
  6510 | D:6      | Reached skill level 5 in Fighting
  6967 | D:6      | Found a burning altar of Makhleb.
  7417 | D:7      | Found Zuamiac's Magic Scroll Shoppe.
  7426 | D:7      | Learned a level 3 spell: Summon Guardian Golem
  7607 | D:7      | Found a sparkling altar of Nemelex Xobeh.
  7718 | D:7      | Found a shimmering blue altar of Sif Muna.
  7887 | D:7      | Found a staircase to the Ecumenical Temple.
  7896 | Temple   | Entered the Ecumenical Temple
  7904 | Temple   | Became a worshipper of Vehumet
  8520 | D:7      | Reached XP level 9. HP: 37/62 MP: 9/17
  9961 | D:8      | Reached * piety under Vehumet
  9961 | D:8      | Offered knowledge of Foxfire by Vehumet.
 10380 | D:8      | Noticed Maggie
 10397 | D:8      | Killed Maggie
 10502 | D:8      | Found a hide-covered altar of Uskayaw.
 10502 | D:8      | Noticed a +0 dagger
 10503 | D:8      | Noticed a +0 hand axe
 10782 | D:8      | Found Guah's CLEARANCE SALE!.
 10790 | D:8      | Bought a potion of heal wounds for 25 gold pieces
 11079 | D:9      | Found a flagged portal.
 11085 | Bailey   | Entered a bailey
 11092 | Bailey   | Noticed an orc knight
 11228 | Bailey   | Learned a level 4 spell: Summon Lightning Spire
 11373 | Bailey   | Offered knowledge of Magic Dart by Vehumet.
 11374 | Bailey   | Reached ** piety under Vehumet
 11375 | Bailey   | Reached skill level 1 in Air Magic
 11464 | Bailey   | Reached XP level 10. HP: 65/71 MP: 2/20
 11530 | Bailey   | Killed an orc knight
 12209 | D:9      | Found a stormy altar of Qazlal.
 13370 | D:10     | Entered Level 10 of the Dungeon
 13634 | D:10     | Found a staircase to the Lair.
 13660 | D:10     | Reached XP level 11. HP: 36/78 MP: 8/23
 13664 | D:10     | Noticed Erica
 13996 | D:10     | Noticed a two-headed ogre
 14005 | D:10     | Killed a two-headed ogre
 14075 | D:10     | Noticed a two-headed ogre
 14085 | D:10     | Killed a two-headed ogre
 14086 | D:10     | Reached skill level 5 in Air Magic
 14121 | D:10     | Noticed Erolcha
 14140 | Abyss:1  | Cast into level 1 of the Abyss (Erolcha)
 14175 | Abyss:1  | Killed from afar by a hellion

Illustrated notes

Levels and vault maps discovered:
D:1:      psy_arrival_heroes, layout_basic, serial_shops,
          nicolae_shop_bloodbath_and_beyond, ebering_ecumenical_altar_hall
D:2:      layout_basic, minmay_increasing_density
D:3:      layout_basic, mainiacjoe_overflow_surrounded_room,
          grunt_dithmenos_smoke, minmay_distorted
D:4:      layout_cave_pools, serial_shops, shop
D:5:      layout_loops_ring, mainiacjoe_overflow_brackets, minmay_fountain_box,
          minmay_misc_feat_enclosed
D:6:      layout_basic, mainiacjoe_overflow_concentric_impassable,
          uniq_prince_ribbit1
D:7:      layout_layer_cave, nicolae_overflow_squiral,
          minmay_temple_entry_drinking_statues, serial_shops,
          nicolae_shop_overgrown_old_shop, nicolae_shop_waterfront
D:8:      layout_gridville, dancing_weapons_uskayaw, nicolae_shop_clearance,
          uniq_maggie
D:9:      layout_basic, grunt_qazlal_sundering, enter_bailey_2
D:10:     minmay_chambers_of_sixes, layout_cave_pools, minmay_lair_entry_grove,
          hiddenorc2_lemuel, minmay_statues_item, uniq_erolcha, uniq_erica
Temple:   dpeg_chambers_temple
Abyss:1:  base: Temple, guppyfry_abyss_exit_imp_island

Skill      XL: |  1  2  3  4  5  6  7  8  9 10 11 |
---------------+----------------------------------+-----
Stealth        | 3 |  3.0
Fighting       | 1 2 3 4 5 7 8 9 |  9.0
Spellcasting   | 3 4 5 7 8 |  8.5
Summonings     | 5 6 7 8 9 |  9.9
Shields        | 1 3 4 |  4.2
Air Magic      | 1 4 5 |  5.1
Dodging        | |  2.0

Action                   |  1- 3 |  4- 6 |  7- 9 | 10-12 || total
-------------------------+-------+-------+-------+-------++-------
Melee: Unarmed           |     9 |       |       |       ||     9
       Dagger            |    63 |    73 |    37 |       ||   173
       Constrict         |    14 |    19 |    48 |     9 ||    90
       Tentacles         |     6 |    13 |    55 |     9 ||    83
       Punch             |       |     1 |    11 |       ||    12
       Spear             |       |       |   217 |    70 ||   287
 Cast: Summon Small Mamm |     2 |       |     1 |       ||     3
       Call Imp          |       |     8 |    39 |    12 ||    59
       Call Canine Famil |       |     5 |    41 |    17 ||    63
       Summon Guardian G |       |       |     8 |    10 ||    18
       Summon Lightning  |       |       |     2 |    12 ||    14
  Use: Scroll            |     2 |     1 |     4 |     1 ||     8
       Potion            |       |     1 |     5 |     2 ||     8
 Stab: Sleeping          |    18 |     7 |     4 |     2 ||    31
       Distracted        |       |       |     3 |     2 ||     5
Armor: Skin              |     3 |     3 |    11 |     3 ||    20
Dodge: Dodged            |    39 |    46 |    92 |    32 ||   209
Block: Buckler           |       |       |    37 |    12 ||    49
